 Dungeon Crawl Stone Soup version 0.21.0-8-gf18e19db4a (webtiles) character file.

12429 MalkierKing the Severer (level 11, -10/101 HPs)
             Began as a Minotaur Berserker on Jan 18, 2018.
             Was a High Priest of Trog.
             Mangled by a shadow (17 damage)
             ... on level 1 of the Abyss.
             The game lasted 00:46:18 (8635 turns).

MalkierKing the Severer (Minotaur Berserker)        Turns: 8635, Time: 00:46:20

Health: -10/101    AC: 18    Str: 24    XL:     11   Next: 62%
Magic:  10/10      EV: 11    Int:  5    God:    Trog [*****.]
Gold:   633        SH:  0    Dex: 10    Spells: 10/10 levels left

rFire    . . .     SeeInvis .   a - +0 battleaxe
rCold    + . .     Gourm    .   (shield currently unavailable)
rNeg     . . .     Faith    .   r - +2 chain mail {rC+}
rPois    +         Spirit   .   (helmet restricted)
rElec    .         Reflect  .   h - +0 cloak
rCorr    .         Harm     .   z - +1 pair of gloves
MR       .....                  m - +0 pair of boots
Stlth    ..........             C - amulet of magic regeneration
HPRegen  0.26/turn              D - ring of poison resistance
MPRegen  0.37/turn              (no ring)

@: confused, berserk cooldown, slowed, very slow
A: retaliatory headbutt, horns 2
a: Berserk, Trog's Hand, Brothers in Arms, Burn Spellbooks, Renounce Religion


You were on level 1 of the Abyss.
You worshipped Trog.
Trog was extremely pleased with you.
You were not hungry.

You visited 2 branches of the dungeon, and saw 11 of its levels.
You visited the Abyss 1 time.
You also visited: Sewer.

You collected 633 gold pieces.

Inventory:

Hand Weapons
 a - a +0 battleaxe (weapon)
 b - a +1 arbalest of flaming
Missiles
 G - 16 bolts
Armour
 h - a +0 cloak (worn)
 m - a +0 pair of boots (worn)
 q - a +2 ring mail of poison resistance
 r - a +2 chain mail of cold resistance (worn)
 z - a +1 pair of gloves (worn)
Jewellery
 C - an amulet of magic regeneration (around neck)
 D - a ring of poison resistance (left hand)
 K - an uncursed amulet of faith {unknown}
Wands
 n - a wand of clouds (5)
 w - a wand of enslavement (14)
 H - a wand of flame (15)
Scrolls
 f - 2 scrolls of remove curse
 i - 4 scrolls of immolation
 l - 3 scrolls of enchant armour
 o - a scroll of identify
 u - a scroll of random uselessness {unknown}
 v - a scroll of teleportation {unknown}
 x - a scroll of fear {unknown}
 y - a scroll of acquirement {unknown}
 A - a scroll of blinking
 F - a scroll of magic mapping {unknown}
 J - a scroll of fog {unknown}
Potions
 d - 2 potions of might {unknown}
 e - a potion of brilliance {unknown}
 g - 8 potions of curing
 j - 3 potions of agility {unknown}
 k - a potion of berserk rage {unknown}
 p - 4 potions of mutation
 s - 2 potions of resistance
 t - a potion of flight {unknown}
 B - 4 potions of heal wounds {unknown}
 E - 2 potions of invisibility {unknown}
 I - a potion of ambrosia {unknown}
Comestibles
 c - 21 rations


   Skills:
 + Level 10.4 Fighting
 + Level 15.3 Axes
 * Level 3.2 Crossbows
 + Level 9.6 Armour
 + Level 6.8 Dodging
 - Level 1.0 Stealth


You had 10 spell levels left.
You didn't know any spells.

Dungeon Overview and Level Annotations

Branches:
Dungeon (10/15)            Temple (1/1) D:7
   Lair: D:8-11         Orc: D:9-12

Altars:
Ashenzari
Cheibriados
Dithmenos
Elyvilon
Fedhas
Gozag
Hepliaklqana
Kikubaaqudgha
Makhleb
Nemelex Xobeh
Okawaru
Qazlal
Ru
Sif Muna
Trog
Uskayaw
Vehumet
Wu Jian
Xom
Yredelemnul
Zin
The Shining One

Annotations:
D:10 Sonja


Innate Abilities, Weirdness & Mutations

You reflexively headbutt those who attack you in melee.
You have a pair of horns on your head.


Message History

A deafening chorus of shrieks assaults your mind!
You suddenly lose the ability to move!
The starcursed mass engulfs you!
The shadow slips into darkness.
The shadow flickers and vanishes!
Deactivating autopickup; reactivate with Ctrl-A.
The starcursed mass engulfs you but does no damage.
You can move again.
You bump into the metal wall.
The starcursed mass engulfs you.
The phantasmal warrior blinks!
The starcursed mass engulfs you. The small abomination hits you.
A starcursed mass splits.
The starcursed mass engulfs you but does no damage.
You closely miss the small abomination. You headbutt the small abomination.
The small abomination is lightly damaged.
You hit the starcursed mass but do no damage.
You barely miss the starcursed mass.
You closely miss the phantasmal warrior.
You barely miss the starcursed mass. The phantasmal warrior hits you!!
* * * LOW HITPOINT WARNING * * *
The shadow strikes at you from the darkness!
You die...

X## .. ##.# ## §
.. .## . .... #§
# #. ...#..#..
W. . ....######
§# #
.#.##.X#X#.## .#
.#.x@WXXG.# .
#....#XX#X#...#
.#...#...X#
...#.#
##...#....#..#..
.......#.....#
.# #
#...#..###### #
..#.#### .# ####
..... #


You could see 8 starcursed masses, a phantasmal warrior, a small abomination and
a golden eye.

Vanquished Creatures
  A tentacled starspawn (Abyss:1)
  A two-headed ogre (D:8)
  The ghost of nataq the Skirmisher, a novice DsFi (D:9)
  2 thrashing horrors (Abyss:1)
  2 unseen horrors (D:10)
  The ghost of Elizilla the Grappler, a novice TrMo of Wu Jian (D:5)
  Pikel (D:5)
  A smoke demon (Abyss:1)
  The ghost of Hat the Chopper, an amateur DDBe of Trog (D:3)
  A troll (D:10)
  A hornet (D:8)
  A hippogriff (D:10)
  A wyvern (D:8)
  A soldier ant (D:10)
  An orc warrior (D:8)
  A slave (D:5)
  Purgy (Sewer)
  3 black bears
  An ice beast (D:9)
  4 sky beasts
  6 ogres
  A necrophage (D:8)
  5 centaurs
  2 big kobolds
  4 bullfrogs
  A small abomination (Abyss:1)
  2 scorpions
  13 killer bees
  7 wights
  5 howler monkeys
  4 crimson imps
  A lava snake (D:10)
  2 jellies
  5 orc priests
  3 hounds
  9 orc wizards
  2 centaur skeletons
  A gnoll shaman (D:8)
  An iron imp (Abyss:1)
  Jessica (D:3)
  An iguana (D:7)
  7 worker ants
  A hound zombie (D:7)
  3 gnolls (D:8)
  9 adders
  A shadow imp (D:7)
  2 ufetubi (Abyss:1)
  An ooze (D:1)
  An adder skeleton (D:4)
  2 worms
  6 leopard geckos
  38 orcs
  A ball python (D:3)
  11 giant cockroaches
  8 goblins
  9 hobgoblins
  2 jackals (Sewer)
  6 quokkas
  6 bats
  4 frilled lizards
  16 kobolds
  7 rats
  3 starspawn tentacles (Abyss:1)
247 creatures vanquished.

Vanquished Creatures (others)
  3 starspawn tentacles (Abyss:1)
3 creatures vanquished.

Grand Total: 250 creatures vanquished

Notes
Turn   | Place    | Note
-------+----------+-------------------------------------------
     0 | D:1      | MalkierKing the Minotaur Berserker began the quest for the Orb.
     0 | D:1      | Reached XP level 1. HP: 19/19 MP: 0/0
   152 | D:1      | Reached skill level 4 in Axes
   317 | D:1      | Reached XP level 2. HP: 27/27 MP: 1/1
   681 | D:2      | Found a faded altar of an unknown god.
   690 | D:2      | Reached ** piety under Trog
   690 | D:2      | Reached XP level 3. HP: 33/33 MP: 2/2
   850 | D:2      | Found an opulent altar of Gozag.
   903 | D:2      | Found an iron altar of Okawaru.
  1413 | D:3      | Noticed Jessica
  1425 | D:3      | Killed Jessica
  1425 | D:3      | Reached XP level 4. HP: 41/41 MP: 3/3
  1445 | D:3      | Noticed Hat's ghost (amateur DDBe)
  1836 | D:3      | Killed Hat's ghost
  1836 | D:3      | Reached skill level 5 in Fighting
  1836 | D:3      | Reached skill level 6 in Axes
  1836 | D:3      | Reached XP level 5. HP: 48/48 MP: 4/4
  1836 | D:3      | Reached XP level 6. HP: 56/56 MP: 5/5
  1943 | D:3      | Reached *** piety under Trog
  1956 | D:3      | Found a glowing drain.
  1961 | Sewer    | Entered a sewer
  1995 | Sewer    | Noticed Purgy
  2004 | Sewer    | Killed Purgy
  2572 | D:4      | Reached skill level 5 in Armour
  2836 | D:4      | Found a stormy altar of Qazlal.
  2849 | D:4      | Reached XP level 7. HP: 59/61 MP: 6/6
  2912 | D:4      | Reached skill level 7 in Axes
  3087 | D:5      | Entered Level 5 of the Dungeon
  3089 | D:5      | Noticed Elizilla's ghost (novice TrMo)
  3219 | D:5      | Found a hide-covered altar of Uskayaw.
  3541 | D:5      | Reached skill level 8 in Axes
  3728 | D:5      | Reached XP level 8. HP: 66/70 MP: 7/7
  3757 | D:5      | Noticed Pikel
  3769 | D:5      | Killed Pikel
  3769 | D:5      | Reached skill level 9 in Axes
  3769 | D:5      | Reached skill level 1 in Stealth
  4069 | D:5      | Killed Elizilla's ghost
  4069 | D:5      | Reached skill level 10 in Axes
  4069 | D:5      | Reached XP level 9. HP: 56/78 MP: 8/8
  4493 | D:6      | Reached **** piety under Trog
  4509 | D:6      | Found an ornate altar of the Wu Jian Council.
  4793 | D:6      | Found a stormy altar of Qazlal.
  4813 | D:6      | Reached skill level 5 in Dodging
  4953 | D:6      | Reached skill level 11 in Axes
  4996 | D:6      | Found a glowing silver altar of Zin.
  4996 | D:6      | Found a shimmering altar of Xom.
  4997 | D:6      | Found a radiant altar of Vehumet.
  4997 | D:6      | Noticed an angel
  5515 | D:7      | Found a white marble altar of Elyvilon.
  5587 | D:7      | Found a staircase to the Ecumenical Temple.
  5598 | Temple   | Entered the Ecumenical Temple
  5855 | D:7      | Found an ancient bone altar of Kikubaaqudgha.
  5925 | D:7      | Found a shadowy altar of Dithmenos.
  5988 | D:8      | Reached skill level 12 in Axes
  6108 | D:8      | Noticed a two-headed ogre
  6189 | D:8      | Killed a two-headed ogre
  6189 | D:8      | Reached XP level 10. HP: 26/89 MP: 9/9
  6498 | D:8      | Reached ***** piety under Trog
  6561 | D:8      | Reached skill level 13 in Axes
  6987 | D:9      | Received a gift from Trog
  6997 | D:9      | Found a burning altar of Makhleb.
  7085 | D:9      | Found a sparkling altar of Nemelex Xobeh.
  7142 | D:9      | Noticed nataq's ghost (novice DsFi)
  7151 | D:9      | Killed nataq's ghost
  7333 | D:9      | Reached skill level 14 in Axes
  7521 | D:10     | Entered Level 10 of the Dungeon
  7746 | D:10     | Noticed Sonja
  7747 | D:10     | Killed an unseen horror
  7871 | D:10     | Killed an unseen horror
  7871 | D:10     | Reached XP level 11. HP: 47/99 MP: 10/10
  8089 | D:10     | Received a gift from Trog
  8315 | D:10     | Reached skill level 10 in Fighting
  8319 | D:10     | Reached skill level 1 in Crossbows
  8324 | D:10     | Cast into level 1 of the Abyss (Sonja)
  8324 | Abyss:1  | Found a corrupted altar of Lugonu.
  8332 | Abyss:1  | Noticed a thrashing horror
  8346 | Abyss:1  | Killed a thrashing horror
  8372 | Abyss:1  | Found a corrupted altar of Lugonu.
  8465 | Abyss:1  | Noticed a thrashing horror
  8477 | Abyss:1  | Killed a thrashing horror
  8503 | Abyss:1  | Noticed a tentacled starspawn
  8509 | Abyss:1  | Killed a tentacled starspawn
  8509 | Abyss:1  | Reached skill level 15 in Axes
  8589 | Abyss:1  | Noticed a sixfirhy
  8621 | Abyss:1  | Noticed a starcursed mass
  8625 | Abyss:1  | Noticed a phantasmal warrior
  8633 | Abyss:1  | Paralysed by accursed screaming for 1 turns
  8635 | Abyss:1  | Mangled by a shadow

Skill      XL: |  1  2  3  4  5  6  7  8  9 10 11 |
---------------+----------------------------------+-----
Axes           | 4 6 8 10 12 14 15 | 15.3
Fighting       | 4 5 6 8 9 10 | 10.4
Armour         | 3 4 5 6 7 8 9 |  9.6
Dodging        | 3 4 5 6 |  6.8
Stealth        | 1 |  1.0
Crossbows      | 3 |  3.2

Action                   |  1- 3 |  4- 6 |  7- 9 | 10-12 || total
-------------------------+-------+-------+-------+-------++-------
Melee: Hand axe          |   106 |    27 |    23 |       ||   156
       Headbutt          |    10 |    19 |    56 |    49 ||   134
       War axe           |       |    76 |   193 |       ||   269
       Battleaxe         |       |       |    17 |   241 ||   258
Invok: Berserk           |     1 |     1 |     6 |     5 ||    13
       Trog's Hand       |     1 |       |     4 |     1 ||     6
       Burn Spellbooks   |       |       |       |     1 ||     1
  Use: Scroll            |       |     2 |     6 |     2 ||    10
       Potion            |       |       |       |     1 ||     1
 Stab: Sleeping          |     1 |       |       |       ||     1
  Eat: Chunk             |     2 |     6 |    10 |     8 ||    26
       Ration            |       |       |     2 |     2 ||     4
Armor: Animal skin       |     8 |       |       |       ||     8
       Ring mail         |    21 |     4 |    67 |       ||    92
       Scale mail        |     8 |    30 |       |       ||    38
       Plate armour      |       |     6 |       |       ||     6
       Chain mail        |       |       |    16 |   247 ||   263
Dodge: Dodged            |    62 |    69 |   144 |   139 ||   414
